| TOP OF THE 1ST |
|
Jackson Generals batting - Pitching for Erie SeaWolves : LHP Jim Daum
|
|
Pitching: LHP Jim Daum
|
|
|
Batting: RHB Enrique Valdez
|
0-0: Ball 1-0: Swinging Strike 1-1: Ball 2-1: Ball 3-1: Swinging Strike 3-2: Fly out, F9 (Line Drive, 89M, EV 103.8 MPH)
|
|
Batting: RHB Chris Van Niel
|
0-0: Ball 1-0: DOUBLE (Flyball, 89XD, EV 110.6 MPH)
|
|
Batting: RHB Chris Skaff
|
0-0: Called Strike 0-1: Ball 1-1: Ball 2-1: Called Strike 2-2: Ball 3-2: SINGLE (Line Drive, 8LS, EV 108.1 MPH) Chris Van Niel to third
|
|
Batting: RHB Kinzo Yokoyama
|
0-0: Called Strike 0-1: Called Strike 0-2: Ball 1-2: Grounds into double play, 6-4-3 (Groundball, 6, EV 84.4 MPH)
|
| Top of the 1st over - 0 runs, 2 hits, 0 errors, 1 left on base; Jackson 0 - Erie 0 |
| BOTTOM OF THE 1ST |
|
Erie SeaWolves batting - Pitching for Jackson Generals : RHP Francisco Castillo
|
|
Pitching: RHP Francisco Castillo
|
|
|
Batting: RHB Carlos Armenteros
|
0-0: Foul Ball, location: 2F 0-1: Ball 1-1: Ball 2-1: Ball 3-1: Foul Ball, location: 2F 3-2: Strikes out swinging
|
|
Batting: RHB Yankel Pensak
|
0-0: Ball 1-0: Foul Ball, location: 2F 1-1: Called Strike 1-2: Strikes out swinging
|
|
Batting: RHB Eric Angelle
|
0-0: Called Strike 0-1: Called Strike 0-2: Strikes out swinging
|
| Bottom of the 1st over - 0 runs, 0 hits, 0 errors, 0 left on base; Jackson 0 - Erie 0 |
| TOP OF THE 2ND |
|
Jackson Generals batting - Pitching for Erie SeaWolves : LHP Jim Daum
|
|
Batting: LHB Chris Jackson
|
0-0: Called Strike 0-1: Called Strike 0-2: Ball 1-2: Foul Ball, location: 2F 1-2: Ball 2-2: Foul Ball, location: 2F 2-2: Ball 3-2: SINGLE (Groundball, 4MS, EV 70.0 MPH) (infield hit)
|
|
Batting: RHB Chris Olheiser
|
0-0: Foul Ball, location: 2F 0-1: Called Strike 0-2: Strikes out swinging
|
|
Batting: RHB Jose Zuniga
|
0-0: Called Strike 0-1: Ball 1-1: Fly out, F9 (Flyball, 9D, EV 102.5 MPH)
|
|
Batting: LHB Jason Kinney
|
0-0: Fielders Choice at 2nd, U4 (Groundball, 4M, EV 77.5 MPH)
|
| Top of the 2nd over - 0 runs, 1 hit, 0 errors, 1 left on base; Jackson 0 - Erie 0 |
| BOTTOM OF THE 2ND |
|
Erie SeaWolves batting - Pitching for Jackson Generals : RHP Francisco Castillo
|
|
Batting: SHB Willie Medina
|
0-0: Ball 1-0: Foul Ball, location: 2F 1-1: Foul Ball, location: 2F 1-2: Ball 2-2: Ball 3-2: SOLO HOME RUN (Line Drive, 9LD, EV 95.6 MPH), Distance : 374 ft
|
|
Batting: LHB George Moran
|
0-0: Ball 1-0: Ball 2-0: Ball 3-0: Base on Balls
|
|
Batting: LHB Nick Swank
|
0-0: Called Strike 0-1: Grounds into double play, 4-6-3 (Groundball, 4, EV 91.2 MPH)
|
|
Batting: RHB Joe Zimmerman
|
0-0: Ball 1-0: Ball 2-0: Foul Ball, location: 2F 2-1: Ball 3-1: Swinging Strike 3-2: Strikes out looking and he ARGUES THE CALL AND IS TOSSED!
|
| Bottom of the 2nd over - 1 run, 1 hit, 0 errors, 0 left on base; Jackson 0 - Erie 1 |
| TOP OF THE 3RD |
|
Jackson Generals batting - Pitching for Erie SeaWolves : LHP Jim Daum
|
|
Now in CF: Aaron Cusick
|
|
|
Batting: LHB Matt Hepburn
|
0-0: SINGLE (Groundball, 6S, EV 62.5 MPH) (infield hit)
|
|
Batting: RHB Enrique Valdez
|
0-0: Ball 1-0: 2-RUN HOME RUN (Flyball, 9LD, EV 101.2 MPH), Distance : 390 ft
|
|
Batting: RHB Chris Van Niel
|
0-0: Called Strike 0-1: Called Strike 0-2: Ball 1-2: Ball 2-2: Strikes out looking
|
|
Batting: RHB Chris Skaff
|
0-0: Called Strike 0-1: Ball 1-1: Swinging Strike 1-2: Strikes out looking
|
|
Batting: RHB Kinzo Yokoyama
|
0-0: Fly out, F8 (Flyball, 8RXD, EV 98.1 MPH)
|
| Top of the 3rd over - 2 runs, 2 hits, 0 errors, 0 left on base; Jackson 2 - Erie 1 |
| BOTTOM OF THE 3RD |
|
Erie SeaWolves batting - Pitching for Jackson Generals : RHP Francisco Castillo
|
|
Batting: RHB Yaremka Rzhevsky
|
0-0: Ball 1-0: Called Strike 1-1: SINGLE (Groundball, 6S, EV 63.1 MPH) (infield hit)
|
|
Batting: SHB Ian Arlotta
|
0-0: Called Strike 0-1: Ground out 4-3 (Groundball, 4S, EV 61.2 MPH) Yaremka Rzhevsky to second
|
|
Batting: RHB Carlos Armenteros
|
0-0: Ball Yaremka Rzhevsky steals 3rd base 1-0: Foul Ball, location: 2F 1-1: Foul Ball, location: 2F 1-2: Ball 2-2: Ball 3-2: DOUBLE (Flyball, 8LXD, EV 101.9 MPH) Yaremka Rzhevsky scores
|
|
Batting: RHB Yankel Pensak
|
0-0: Ball 1-0: Called Strike 1-1: Ball 2-1: Ball 3-1: Foul Ball, location: 2F 3-2: Base on Balls
|
|
Batting: RHB Eric Angelle
|
0-0: Ball 1-0: Ball 2-0: Ball 3-0: Called Strike 3-1: Called Strike 3-2: Fly out, F7 (Flyball, 7D, EV 88.1 MPH) Runner from 2nd tags up, SAFE at 3rd, no throw by LF
|
|
Batting: SHB Willie Medina
|
0-0: Ball 1-0: Ball 2-0: Ball 3-0: Called Strike 3-1: Fielders Choice at 2nd, U4 (Groundball, 4M, EV 84.4 MPH)
|
| Bottom of the 3rd over - 1 run, 2 hits, 0 errors, 2 left on base; Jackson 2 - Erie 2 |
| TOP OF THE 4TH |
|
Jackson Generals batting - Pitching for Erie SeaWolves : LHP Jim Daum
|
|
Batting: LHB Chris Jackson
|
0-0: Ball 1-0: Ball 2-0: SINGLE (Line Drive, 78M, EV 103.8 MPH)
|
|
Batting: RHB Chris Olheiser
|
0-0: Ball 1-0: Ball 2-0: Ball 3-0: Base on Balls Chris Jackson to second
|
|
Batting: RHB Jose Zuniga
|
0-0: Called Strike 0-1: Ball 1-1: Ball 2-1: Ball 3-1: Called Strike 3-2: Strikes out swinging
|
|
Batting: LHB Jason Kinney
|
0-0: Foul Ball, location: 2F 0-1: Ball 1-1: Called Strike 1-2: DOUBLE (Line Drive, 9LS, EV 98.8 MPH) Chris Jackson scores Chris Olheiser to third
|
|
Batting: LHB Matt Hepburn
|
0-0: Ball 1-0: Foul Ball, location: 2F 1-1: Foul Ball, location: 2F 1-2: SINGLE (Groundball, 56D, EV 101.2 MPH) Chris Olheiser scores Jason Kinney to third
|
|
Batting: RHB Enrique Valdez
|
0-0: Ball Matt Hepburn is caught stealing 2nd base 2-4 1-0: Ground out 5-3 (Groundball, 5, EV 84.4 MPH)
|
| Top of the 4th over - 2 runs, 3 hits, 0 errors, 1 left on base; Jackson 4 - Erie 2 |
| BOTTOM OF THE 4TH |
|
Erie SeaWolves batting - Pitching for Jackson Generals : RHP Francisco Castillo
|
|
Batting: LHB George Moran
|
0-0: Ball 1-0: Swinging Strike 1-1: Foul Ball, location: 2F 1-2: Strikes out looking
|
|
Batting: LHB Nick Swank
|
0-0: Swinging Strike 0-1: Swinging Strike 0-2: Ball 1-2: Ball 2-2: Strikes out swinging
|
|
Batting: RHB Aaron Cusick
|
0-0: Called Strike 0-1: Called Strike 0-2: Ball 1-2: Ground out 6-3 (Groundball, 6, EV 105.6 MPH)
|
| Bottom of the 4th over - 0 runs, 0 hits, 0 errors, 0 left on base; Jackson 4 - Erie 2 |
| TOP OF THE 5TH |
|
Jackson Generals batting - Pitching for Erie SeaWolves : LHP Jim Daum
|
|
Batting: RHB Chris Van Niel
|
0-0: Fly out, F7 (Flyball, 7D, EV 94.4 MPH)
|
|
Batting: RHB Chris Skaff
|
0-0: Swinging Strike 0-1: Swinging Strike 0-2: Ball 1-2: Strikes out looking
|
|
Batting: RHB Kinzo Yokoyama
|
0-0: Ball 1-0: Called Strike 1-1: Fly out, F8 (Flyball, 8RM, EV 83.1 MPH)
|
| Top of the 5th over - 0 runs, 0 hits, 0 errors, 0 left on base; Jackson 4 - Erie 2 |
| BOTTOM OF THE 5TH |
|
Erie SeaWolves batting - Pitching for Jackson Generals : RHP Francisco Castillo
|
|
Batting: RHB Yaremka Rzhevsky
|
0-0: Ball 1-0: Called Strike 1-1: Ball 2-1: Ball 3-1: Fly out, F7 (Flyball, 7LD, EV 103.1 MPH)
|
|
Batting: SHB Ian Arlotta
|
0-0: Called Strike 0-1: Ball 1-1: Ball 2-1: SINGLE (Popup, 3D, EV 68.8 MPH)
|
|
Batting: RHB Carlos Armenteros
|
0-0: Called Strike 0-1: Ball 1-1: Ball Ian Arlotta steals 2nd base (no throw) 2-1: Ball 3-1: Ground out 4-3 (Groundball, 4, EV 83.8 MPH) Ian Arlotta to third
|
|
Batting: RHB Yankel Pensak
|
0-0: Fly out, F2 (Popup, 5SF, EV 85.0 MPH)
|
| Bottom of the 5th over - 0 runs, 1 hit, 0 errors, 1 left on base; Jackson 4 - Erie 2 |
| TOP OF THE 6TH |
|
Jackson Generals batting - Pitching for Erie SeaWolves : LHP Jim Daum
|
|
Batting: LHB Chris Jackson
|
0-0: Called Strike 0-1: Swinging Strike 0-2: Ball 1-2: Ball 2-2: Strikes out looking
|
|
Batting: RHB Chris Olheiser
|
0-0: Called Strike 0-1: Called Strike 0-2: DOUBLE (Line Drive, 8LXD, EV 107.5 MPH)
|
|
Batting: RHB Jose Zuniga
|
0-0: Fly out, F9 (Flyball, 9D, EV 106.9 MPH) Runner from 2nd tags up, SAFE at 3rd, no throw by RF
|
|
Batting: LHB Jason Kinney
|
0-0: Ball Passed Ball! Chris Olheiser scores 1-0: Called Strike 1-1: Ball 2-1: Foul Ball, location: 2F 2-2: Foul Ball, location: 2F 2-2: Foul Ball, location: 2F 2-2: Strikes out swinging
|
| Top of the 6th over - 1 run, 1 hit, 0 errors, 0 left on base; Jackson 5 - Erie 2 |
| BOTTOM OF THE 6TH |
|
Erie SeaWolves batting - Pitching for Jackson Generals : RHP Francisco Castillo
|
|
Batting: RHB Eric Angelle
|
0-0: Foul Ball, location: 2F 0-1: Foul Ball, location: 2F 0-2: Strikes out swinging
|
|
Batting: SHB Willie Medina
|
0-0: Called Strike 0-1: Foul Ball, location: 2F 0-2: Ground out 6-3 (Groundball, 6, EV 104.4 MPH)
|
|
Batting: LHB George Moran
|
0-0: Ball 1-0: Ball 2-0: Ball 3-0: Called Strike 3-1: Base on Balls
|
|
Batting: LHB Nick Swank
|
0-0: Called Strike 0-1: Fly out, F8 (Flyball, 8RM, EV 90.6 MPH)
|
| Bottom of the 6th over - 0 runs, 0 hits, 0 errors, 1 left on base; Jackson 5 - Erie 2 |
| TOP OF THE 7TH |
|
Jackson Generals batting - Pitching for Erie SeaWolves : LHP Jim Daum
|
|
Pitching: RHP Adam Huemmer
|
|
|
Batting: LHB Matt Hepburn
|
0-0: Swinging Strike 0-1: Foul Ball, location: 2F 0-2: Ball 1-2: Ball 2-2: Ball 3-2: Base on Balls
|
|
Batting: RHB Enrique Valdez
|
0-0: Ball 1-0: Bunted foul 1-1: Ball Matt Hepburn steals 2nd base 2-1: Bunted foul 2-2: Ball 3-2: Foul Ball, location: 2F 3-2: Strikes out swinging
|
|
Batting: RHB Chris Van Niel
|
0-0: Called Strike 0-1: Swinging Strike 0-2: Strikes out swinging
|
|
Batting: RHB Chris Skaff
|
0-0: Ball Matt Hepburn steals 3rd base 1-0: Called Strike 1-1: Ground out 2-3 (Groundball, 15S, EV 66.2 MPH)
|
| Top of the 7th over - 0 runs, 0 hits, 0 errors, 1 left on base; Jackson 5 - Erie 2 |
| BOTTOM OF THE 7TH |
|
Erie SeaWolves batting - Pitching for Jackson Generals : RHP Francisco Castillo
|
|
Batting: RHB Aaron Cusick
|
0-0: Ball 1-0: Called Strike 1-1: Called Strike 1-2: Ground out 6-3 (Groundball, 56, EV 85.0 MPH)
|
|
Pitching: RHP Ian Gaines
|
|
|
Batting: RHB Yaremka Rzhevsky
|
0-0: Foul Ball, location: 2F 0-1: Swinging Strike 0-2: Ball 1-2: Fly out, F8 (Flyball, 8LD, EV 79.4 MPH)
|
|
Batting: SHB Ian Arlotta
|
0-0: Ball 1-0: Ball 2-0: Called Strike 2-1: SINGLE (Line Drive, 4MD, EV 100.0 MPH)
|
|
Batting: RHB Carlos Armenteros
|
0-0: Ball 1-0: Called Strike 1-1: Ball 2-1: Swinging Strike 2-2: Foul Ball, location: 2F 2-2: Strikes out looking
|
| Bottom of the 7th over - 0 runs, 1 hit, 0 errors, 1 left on base; Jackson 5 - Erie 2 |
| TOP OF THE 8TH |
|
Jackson Generals batting - Pitching for Erie SeaWolves : RHP Adam Huemmer
|
|
Batting: RHB Kinzo Yokoyama
|
0-0: Ground out 5-3 (Groundball, 56S, EV 66.9 MPH)
|
|
Batting: LHB Chris Jackson
|
0-0: Ball 1-0: Ball 2-0: Foul Ball, location: 2F 2-1: Foul Ball, location: 2F 2-2: Foul Ball, location: 2F 2-2: TRIPLE (Line Drive, 89XD, EV 106.9 MPH)
|
|
Batting: RHB Chris Olheiser
|
0-0: Ground out 4-3 (Groundball, 4, EV 78.1 MPH) Chris Jackson scores
|
|
Batting: RHB Jose Zuniga
|
0-0: Ball 1-0: Ball 2-0: Ball 3-0: Base on Balls
|
|
Batting: LHB Jason Kinney
|
0-0: Called Strike 0-1: Ball 1-1: Foul Ball, location: 2F 1-2: Fly out, F9 (Line Drive, 9S, EV 89.4 MPH)
|
| Top of the 8th over - 1 run, 1 hit, 0 errors, 1 left on base; Jackson 6 - Erie 2 |
| BOTTOM OF THE 8TH |
|
Erie SeaWolves batting - Pitching for Jackson Generals : RHP Ian Gaines
|
|
Batting: RHB Yankel Pensak
|
0-0: Ball 1-0: Ball 2-0: Called Strike 2-1: Called Strike 2-2: Strikes out swinging
|
|
Batting: RHB Eric Angelle
|
0-0: Called Strike 0-1: Called Strike 0-2: Ball 1-2: Foul Ball, location: 2F 1-2: Ball 2-2: Foul Ball, location: 2F 2-2: Ball 3-2: Ground out U3 (Groundball, 3, EV 100.0 MPH)
|
|
Batting: SHB Willie Medina
|
0-0: Ball 1-0: Called Strike 1-1: Called Strike 1-2: Ball 2-2: Strikes out looking
|
| Bottom of the 8th over - 0 runs, 0 hits, 0 errors, 0 left on base; Jackson 6 - Erie 2 |
| TOP OF THE 9TH |
|
Jackson Generals batting - Pitching for Erie SeaWolves : RHP Adam Huemmer
|
|
Pitching: RHP Rich Nunez
|
|
|
Batting: LHB Matt Hepburn
|
0-0: Called Strike 0-1: Ball 1-1: Swinging Strike 1-2: Ball 2-2: Strikes out looking
|
|
Batting: RHB Enrique Valdez
|
0-0: Swinging Strike 0-1: Ball 1-1: Ground out 6-3 (Groundball, 6, EV 88.8 MPH)
|
|
Batting: RHB Chris Van Niel
|
0-0: Ground out 6-3 (Groundball, 6, EV 109.4 MPH)
|
| Top of the 9th over - 0 runs, 0 hits, 0 errors, 0 left on base; Jackson 6 - Erie 2 |
| BOTTOM OF THE 9TH |
|
Erie SeaWolves batting - Pitching for Jackson Generals : RHP Ian Gaines
|
|
Batting: LHB George Moran
|
0-0: Fly out, F8 (Flyball, 8LD, EV 83.1 MPH)
|
|
Batting: LHB Nick Swank
|
0-0: Ball 1-0: Fly out, F8 (Flyball, 89S, EV 83.8 MPH)
|
|
Batting: RHB Aaron Cusick
|
0-0: Foul Ball, location: 2F 0-1: Ball 1-1: Swinging Strike 1-2: Foul Ball, location: 2F 1-2: Ball 2-2: Strikes out looking
|
| Bottom of the 9th over - 0 runs, 0 hits, 0 errors, 0 left on base; Jackson 6 - Erie 2 |
|